AoeStats
← Rattack

Arabia

509916387Analyzed
1v1 RM · 5d ago on Sep 28, 2026· 42m 1s· 2 players
Game mode
Random Map
Map size
Tiny (2 player)
Population
200
Speed
Normal
Resources
Standard
Victory
Conquest
Starting age
Dark Age
Ending age
Imperial Age
RankedLock teamsTeams togetherTeam positionsShared explorationLock speedFull tech treeHidden civsTurbo modeCheats
Victory
Defeat
🇫🇮 Mapuche · Finland
1552
+14
🇲🇽 Saxons · Mexico
1504
-14
Schalamax1
9:02 Feudal Age
9:42 Double-Bit Axe
10:59 Loom
13:09 Scale Barding Armor
20:34 Castle Age
19:17 Fletching
19:53 Gold Mining
21:21 Bodkin Arrow
24:04 Crossbowman
30:13 Ballistics
34:06 Guard Tower
Rattack
7:05 Loom
9:23 Feudal Age
10:56 Horse Collar
11:01 Double-Bit Axe
11:16 Double-Bit Axe
12:12 Fletching
19:37 Wheelbarrow
19:21 Horse Collar
23:27 Castle Age
22:46 Padded Archer Armor
23:30 Gold Mining
24:18 Bow Saw
24:32 Bodkin Arrow
26:49 Ballistics
28:41 Leather Archer Armor
Connection lost

Rejoining the realm…

Still unreachable

The connection could not be restored.

Session expired

The server has moved on; the page needs a fresh start.